AoeStats
← Champy

Arena

510031095Analyzed
1v1 RM · 4d ago on Sep 29, 2026· 37m 14s· 2 players
Game mode
Random Map
Map size
Tiny (2 player)
Population
200
Speed
Normal
Resources
Standard
Victory
Conquest
Starting age
Dark Age
Ending age
Imperial Age
RankedLock teamsTeams togetherTeam positionsShared explorationLock speedFull tech treeHidden civsTurbo modeCheats
Victory
Defeat
🇵🇹 Italians · Portugal
1144
+15
🇨🇴 Shu · Colombia
1118
-15
joluga
9:31 Loom
11:40 Feudal Age
15:23 Castle Age
15:31 Double-Bit Axe
16:08 Town Watch
19:36 Fletching
19:42 Horse Collar
23:57 Wheelbarrow
23:07 Treadmill Crane
24:44 Bow Saw
24:37 Heavy Plow
26:40 Bodkin Arrow
33:20 Imperial Age
30:45 Gold Mining
31:31 Masonry
30:56 Crossbowman
32:28 Gold Shaft Mining
32:49 Forging
33:21 Padded Archer Armor
35:43 Chemistry
35:15 Architecture
34:34 Arbalester
35:54 Bracer
36:10 Leather Archer Armor
36:58 Ballistics
Champy
10:05 Feudal Age
13:41 Castle Age
11:38 Double-Bit Axe
12:11 Horse Collar
14:37 Bow Saw
21:35 Gold Mining
23:04 Fletching
24:00 Heavy Plow
24:33 Bodkin Arrow
25:02 Padded Archer Armor
25:07 Stone Mining
25:20 Loom
25:59 Husbandry
27:08 Thumb Ring
27:48 Leather Archer Armor
31:37 Imperial Age
29:49 Scale Barding Armor
30:31 Wheelbarrow
29:43 Town Watch
30:31 Bloodlines
31:59 Forging
32:08 Hand Cart
31:59 Cavalier
34:27 Chemistry
35:02 Chain Barding Armor
36:33 Conscription
36:30 Bracer
Connection lost

Rejoining the realm…

Still unreachable

The connection could not be restored.

Session expired

The server has moved on; the page needs a fresh start.